 Dungeon Crawl Stone Soup version 0.28.0-45-g0d030f2227 (webtiles) character file.

Game seed: 11509621981921339698

44 Cykl0x the Digger (level 3, 0/19 HPs)
             Began as a Gargoyle Earth Elementalist on Apr 12, 2022.
             Slain by Natasha (4 damage)
             ... on level 2 of the Dungeon.
             The game lasted 00:02:00 (871 turns).

Cykl0x the Digger (Gargoyle Earth Elementalist)      Turns: 871, Time: 00:02:00

Health: 0/19       AC:  5    Str: 11    XL:     3   Next: 62%
Magic:  2/6        EV: 12    Int: 17    God:
Gold:   46         SH:  0    Dex: 10    Spells: 2/6 levels left

rFire   . . .      SeeInvis .   a - +0 club
rCold   . . .      Faith    .   (no shield)
rNeg    + . .      Spirit   .   b - +0 robe
rPois   ∞          Reflect  .   (no helmet)
rElec   +          Harm     .   (no cloak)
rCorr   .          Rampage  .   (no gloves)
Will    .....                   (no boots)
Stlth   ++........              (no amulet)
HPRegen 0.06/turn               (no ring)
MPRegen 0.10/turn               (no ring)

@: slowed, very slow
A: sickness immunity, AC +3, negative energy resistance 1, electricity
resistance, torment resistance 1, petrification resistance
a: no special abilities


You were on level 2 of the Dungeon.
You visited 1 branch of the dungeon, and saw 2 of its levels.

You collected 46 gold pieces.

Inventory:

Hand Weapons
 a - a +0 club (weapon)
Armour
 b - a +0 robe (worn)
Scrolls
 d - a scroll of teleportation {unknown}
 e - a scroll of blinking {unknown}


   Skills:
 + Level 1.8 Dodging
 - Level 2.1 Stealth
 + Level 2.4 Spellcasting
 * Level 1.3 Conjurations
 - Level 0.7 Transmutations
 + Level 4.4 Earth Magic


You had 2 spell levels left.
You knew the following spells:

 Your Spells              Type           Power      Damage    Failure   Level
a - Sandblast             Erth           34%        2d9       3%          1
b - Stone Arrow           Conj/Erth      24%        3d8       17%         3

Your spell library contained the following spells:

 Spells                   Type           Power      Damage    Failure   Level
 Passwall                 Tmut/Erth      8%         N/A       10%         2
 Petrify                  Tmut/Erth      10%        N/A       54%         4


Dungeon Overview and Level Annotations

Branches:
Dungeon (2/15)

Altars:

Annotations:
D:2 Natasha


Innate Abilities, Weirdness & Mutations

You are immune to sickness and miasma.
Your stone body is resilient. (AC +3)
You are immune to poison.
You resist negative energy. (rN+)
You are resistant to electric shocks. (rElec)
You are resistant to unholy torment.
You are immune to petrification.


Message History

You kill the shadow imp!
The shadow imp disappears in a puff of smoke!
The crimson imp misses you.
The blast of sand hits the crimson imp.
The crimson imp is lightly wounded.
Natasha misses you.
The crimson imp blinks!
Casting: Sandblast (safe; 3% risk of failure)
Confirm with . or Enter, or press ? or * to list all spells.
You don't have enough magic to cast this spell.
There are monsters nearby!
The blast of sand hits Natasha.
Natasha is heavily wounded.
You now have no stones remaining.
Natasha barely misses you.
You don't have any stones to cast with.
You don't have any stones to cast with.
You don't have any stones to cast with.
You don't have any stones to cast with.
Casting: Sandblast (safe; 3% risk of failure)
Confirm with . or Enter, or press ? or * to list all spells.
You don't have any stones to cast with.
Unknown command.
Unknown command.
You hit Natasha.
Natasha is heavily wounded.
Natasha claws you.
You closely miss Natasha.
Natasha is heavily wounded.
Natasha closely misses you. Natasha claws you.
You hit Natasha but do no damage.
Natasha is heavily wounded.
Natasha claws you.
* * * LOW HITPOINT WARNING * * *
You hit Natasha but do no damage.
Natasha is heavily wounded.
Natasha casts a spell at you.
You feel yourself slow down.
You hit Natasha.
Natasha is severely wounded.
Natasha closely misses you.
The crimson imp blinks!
Natasha claws you.
You die...

#######
#.@...#
#h###.# #§ #.#
#. #.# #.
#.###### .5
#......#
###########.#
..........#.#
..
#.####...###.#


You could see Natasha and a crimson imp (summoned).

Vanquished Creatures
  3 adders (D:2)
  A dart slug (D:1)
  A ball python (D:2)
  An endoplasm (D:2)
  A goblin (D:1)
  2 hobgoblins (D:2)
  3 jackals (D:2)
  A bat (D:1)
  2 frilled lizards
  2 rats (D:2)
17 creatures vanquished.

Notes
Turn   | Place    | Note
-------+----------+-------------------------------------------
     0 | D:1      | Cykl0x the Gargoyle Earth Elementalist began the quest for
                  | the Orb.
     0 | D:1      | Reached XP level 1. HP: 10/10 MP: 3/3
   236 | D:1      | You fall into a shaft and drop 1 floor!
   238 | D:2      | Reached XP level 2. HP: 15/15 MP: 3/5
   245 | D:2      | Reached skill level 4 in Earth Magic
   384 | D:2      | Reached skill level 1 in Conjurations
   421 | D:2      | Reached XP level 3. HP: 6/19 MP: 0/6
   745 | D:2      | Learned a level 3 spell: Stone Arrow
   861 | D:2      | Noticed Natasha
   871 | D:2      | Slain by Natasha

Illustrated notes

Levels and vault maps discovered:
D:1:      dpeg_arrival_tiny_c, layout_basic, serial_shops, shop_statue,
          chequers_ecumenical_altar_simple, serial_park_tiny_1,
          minmay_close_crescents
D:2:      layout_basic, basic_altar, chequers_jeans, patterned_corridor,
          uniq_natasha

Skill      XL: |  1  2 |
---------------+-------+-----
Earth Magic    | 4 |  4.4
Conjurations   | 1 |  1.3
Dodging        | |  1.8
Stealth        | |  2.1
Spellcasting   | |  2.4
Transmutations | |  0.7

Action                   || total
-------------------------++-------
Melee: Club              ||    22
       Punch             ||     1
 Cast: Sandblast         ||    30
       Stone Arrow       ||     1
  Use: Potion            ||     1
Armor: Robe              ||    15
Dodge: Dodged            ||    28
